 Dungeon Crawl Stone Soup version 0.18.1-8-gdd0e5ea (webtiles) character file.

100 matakusis the Sneak (level 4, -3/30 HPs)
             Began as a Vampire Enchanter on June 12, 2016.
             Slain by a gnoll
             ... wielding a +0 halberd
              (13 damage)
             ... on level 2 of the Dungeon.
             The game lasted 00:08:44 (2202 turns).

matakusis the Sneak (Vampire Enchanter)             Turns: 2202, Time: 00:08:44

Health: -3/30      AC:  3    Str:  7    XL:     4   Next: 47%
Magic:  1/7        EV: 13    Int: 17    God:
Gold:   59         SH:  0    Dex: 15    Spells: 3 memorised, 0 levels left

rFire  . . .     SeeInvis +     m - +2 dagger (venom)
rCold  + + .     Gourm    .     b - +1 robe
rNeg   + + +     Faith    .     (no shield)
rPois  +         Spirit   .     (no helmet)
rElec  .         Dismiss  .     (no cloak)
rCorr  .         Reflect  .     (no gloves)
SustAt .         Harm     .     (no boots)
MR     .....                    (no amulet)
Stlth  ++++......               (no ring)
                                (no ring)

@: regenerating slowly, not resistant to hostile enchantments, stealthy
A: fangs 3, see invisible, unbreathing
a: Bat Form


You were on level 2 of the Dungeon.
You were near bloodless.

You visited 1 branch of the dungeon, and saw 2 of its levels.

You collected 59 gold pieces.

Inventory:

Hand Weapons
 m - a +2 dagger of venom (weapon)
Armour
 b - a +1 robe (worn)
Scrolls
 f - 2 scrolls of identify {unknown}
 g - a scroll of magic mapping {unknown}
 k - a scroll of enchant weapon {unknown}
 l - a scroll of fog {unknown}
Potions
 d - 13 potions of blood
 e - 2 potions of agility {unknown}
 h - a potion of heal wounds {unknown}
 i - a potion of lignification {unknown}
 j - 2 potions of curing {unknown}
Books
 c - a book of Maledictions

   Spells                             Type                      Level
   a - Corona                         Hexes                        1
   b - Ensorcelled Hibernation        Hexes/Ice                    2
   c - Confuse                        Hexes                        3
   d - Tukima's Dance                 Hexes                        3
   e - Dazzling Spray                 Conjuration/Hexes            3


   Skills:
 + Level 1.1 Short Blades
 + Level 2.7 Dodging
 * Level 6.0 Stealth
 + Level 2.4 Spellcasting
 + Level 5.8 Hexes


You couldn't memorise any spells.
You knew the following spells:

 Your Spells              Type           Power        Failure   Level  Hunger
a - Corona                Hex            ###....      1%          1    #......
b - Confuse               Hex            ###.....     8%          3    ###....
c - Tukima's Dance        Hex            ###.....     8%          3    ###....


Dungeon Overview and Level Annotations

Branches:
Dungeon (2/15)

Altars:
Kikubaaqudgha
The Shining One


Innate Abilities, Weirdness & Mutations

You heal slowly.
You have razor-sharp teeth.
You have supernaturally acute eyesight.
You can survive without breathing.


Message History

The gnoll misses you.
You hit the gnoll but do no damage.
The gnoll is poisoned.
You bite the gnoll, but do no damage. The gnoll hits you but does no damage.
The gnoll closely misses you.
You hit the gnoll.
The gnoll looks even sicker.
The gnoll is moderately wounded.
The gnoll hits you with a spear. The gnoll barely misses you.
You hit the gnoll.
The gnoll is severely wounded.
You kill the gnoll!
Your Stealth skill increases to level 6!
The gnoll hits you with a halberd!
You hit the gnoll but do no damage. You bite the gnoll, but do no damage.
The gnoll hits you with a halberd!
You barely miss the gnoll. Your bite misses the gnoll.
The gnoll closely misses you.
You hit the gnoll.
The gnoll is poisoned.
The gnoll is moderately wounded.
The gnoll hits you with a halberd!
You die...

.######### #)##.......##
########### #.###.....##
....#.....## #####.# #######
...........####.....##########
.......>....##..####.........#
............##.## #.........#
............##.## #.........#
............##..####.........#
....<..........g@............#
............###.####.........#
....%......## #.# #.........#
.)..#.....## #.# #.........#
########.## #.# #.........#
#.# #.# ########### . #.###
#.# . #...# #.## ###.# #..#


You could see a gnoll.

Vanquished Creatures
  3 gnolls (D:2)
  3 adders (D:2)
  2 dart slugs
  A giant gecko (D:2)
  6 bats (D:1)
  5 giant cockroaches
  5 goblins
  5 hobgoblins
  3 jackals (D:1)
  2 giant newts
  6 kobolds
  5 rats
46 creatures vanquished.

Vanquished Creatures (others)
  A dancing weapon (D:2)
1 creature vanquished.

Grand Total: 47 creatures vanquished

Notes
Turn   | Place    | Note
--------------------------------------------------------------
     0 | D:1      | matakusis the Vampire Enchanter began the quest for the Orb.
     0 | D:1      | Reached XP level 1. HP: 13/13 MP: 3/3
    46 | D:1      | Found a glowing golden altar of the Shining One.
   426 | D:1      | Reached XP level 2. HP: 17/19 MP: 5/5
   622 | D:1      | Reached skill level 5 in Stealth
   899 | D:1      | Reached skill level 5 in Hexes
  1208 | D:1      | Reached XP level 3. HP: 19/24 MP: 3/6
  1225 | D:1      | Learned a level 3 spell: Confuse
  1653 | D:2      | Found an ancient bone altar of Kikubaaqudgha.
  1968 | D:2      | Reached XP level 4. HP: 30/30 MP: 7/7
  1973 | D:2      | Learned a level 3 spell: Tukima's Dance
  2197 | D:2      | Reached skill level 6 in Stealth
  2202 | D:2      | Slain by a gnoll

Skill      XL: |  1  2  3  4 |
---------------+-------------+-----
Stealth        | 5 6 |  6.0
Hexes          | 5 |  5.8
Short Blades   | |  1.1
Dodging        | |  2.7
Spellcasting   | |  2.4

Action                   |  1- 3 |  4- 6 || total
-------------------------+-------+-------++-------
Melee: Dagger            |   113 |    21 ||   134
       Bite              |    10 |     3 ||    13
 Cast: Corona            |    22 |       ||    22
       Confuse           |     9 |     5 ||    14
       Tukima's Dance    |       |     2 ||     2
 Stab: Sleeping          |     9 |       ||     9
       Confused          |     2 |       ||     2
Armor: Robe              |    36 |     1 ||    37
Dodge: Dodged            |    57 |    19 ||    76
